NYP
HILLSBORO HOPS @ MILWAUKEE (NYP) BREWERS
08/08/2049
 
TOP OF THE 1ST
Hillsboro Hops batting - Pitching for Milwaukee (NYP) Brewers : RHP Jayden Whittick
Pitching: RHP Jayden Whittick
Batting: RHB Dale Young 0-0: Ball
1-0: Ground out 6-3 (Groundball, 6, EV 98.8 MPH)
Batting: RHB Paul Healy 0-0: Foul Ball, location: 2F
0-1: Ball
1-1: SINGLE (Line Drive, 6MD, EV 105.6 MPH)
Batting: RHB Nikita Schram 0-0: Called Strike
Paul Healy steals 2nd base
0-1: Called Strike
0-2: Ball
1-2: Foul Ball, location: 2F
1-2: Fly out, F8 (Flyball, 8RXD, EV 101.9 MPH)
Runner from 2nd tags up, SAFE at 3rd, no throw by CF
Batting: LHB Tomohiro Yokoyama 0-0: Foul Ball, location: 2F
0-1: Called Strike
0-2: Ball
1-2: Ground out 6-3 (Groundball, 6, EV 85.6 MPH)
Top of the 1st over - 0 runs, 1 hit, 0 errors, 1 left on base; Hillsboro 0 - Milwaukee (NYP) 0
BOTTOM OF THE 1ST
Milwaukee (NYP) Brewers batting - Pitching for Hillsboro Hops : RHP Joe Mulholland
Pitching: RHP Joe Mulholland
Batting: RHB Chris Maul 0-0: Swinging Strike
0-1: Foul Ball, location: 2F
0-2: Ball
1-2: SINGLE (Line Drive, 89S, EV 100.6 MPH)
Batting: LHB Dusty Bryant 0-0: Ball
1-0: Called Strike
Chris Maul steals 2nd base
1-1: Foul Ball, location: 2F
1-2: SINGLE (Line Drive, 78S, EV 103.8 MPH)
Chris Maul to third
Runner from 3rd tries for Home, SAFE, throw by LF to home
Batting: RHB Tristan Smeets 0-0: Grounds into double play, 5-4-3 (Groundball, 5, EV 99.4 MPH)
Batting: LHB Mark Backstrom 0-0: Foul Ball, location: 2F
0-1: Ball
1-1: Swinging Strike
1-2: SINGLE (Line Drive, 7LS, EV 103.8 MPH)
Batting: LHB Tyler Francis 0-0: Ball
1-0: Ball
Wild Pitch!
Mark Backstrom to second
2-0: Ball
3-0: Called Strike
3-1: Foul Ball, location: 2F
3-2: Base on Balls
Batting: RHB Jonathan Sarles 0-0: Called Strike
0-1: Ball
1-1: Swinging Strike
1-2: Strikes out swinging
Bottom of the 1st over - 1 run, 3 hits, 0 errors, 2 left on base; Hillsboro 0 - Milwaukee (NYP) 1
TOP OF THE 2ND
Hillsboro Hops batting - Pitching for Milwaukee (NYP) Brewers : RHP Jayden Whittick
Batting: RHB T.J. Jordan 0-0: Called Strike
0-1: Ball
1-1: Swinging Strike
1-2: SINGLE (Groundball, 6MD, EV 95.6 MPH)
Batting: RHB Mike Dodson 0-0: Called Strike
0-1: Ball
1-1: Ball
2-1: Ball
3-1: Fly out, F7 (Line Drive, 7LM, EV 101.2 MPH)
Batting: LHB Ron Mills 0-0: Swinging Strike
0-1: Ball
1-1: Called Strike
1-2: Strikes out swinging
Batting: RHB Devon Fourcade 0-0: Ball
T.J. Jordan steals 2nd base
1-0: Ball
2-0: Called Strike
2-1: Ball
Wild Pitch!
T.J. Jordan to third
3-1: Swinging Strike
3-2: Ground out 5-3 (Groundball, 56, EV 88.1 MPH)
Top of the 2nd over - 0 runs, 1 hit, 0 errors, 1 left on base; Hillsboro 0 - Milwaukee (NYP) 1
BOTTOM OF THE 2ND
Milwaukee (NYP) Brewers batting - Pitching for Hillsboro Hops : RHP Joe Mulholland
Batting: RHB Lorenzo Diaz 0-0: Ball
1-0: Ball
2-0: Ground out U3 (Groundball, 34, EV 89.4 MPH)
Batting: RHB Michael Dickerson 0-0: Ball
1-0: Swinging Strike
1-1: Foul Ball, location: 2F
1-2: Foul Ball, location: 2F
1-2: SINGLE (Groundball, 4MD, EV 103.8 MPH)
Batting: RHB Justin Marino 0-0: Fly out, F4 (Popup, 3DF, EV 62.5 MPH)
Batting: RHB Chris Maul 0-0: Ball
1-0: Ball
2-0: Called Strike
2-1: DOUBLE (Groundball, 5L, EV 103.8 MPH)
Michael Dickerson to third
Batting: LHB Dusty Bryant 0-0: Called Strike
0-1: Ball
1-1: Swinging Strike
1-2: Ball
2-2: Foul Ball, location: 2F
2-2: Strikes out swinging
Bottom of the 2nd over - 0 runs, 2 hits, 0 errors, 2 left on base; Hillsboro 0 - Milwaukee (NYP) 1
TOP OF THE 3RD
Hillsboro Hops batting - Pitching for Milwaukee (NYP) Brewers : RHP Jayden Whittick
Batting: RHB Ryuki Ogasawara 0-0: Called Strike
0-1: Ball
1-1: Foul Ball, location: 2F
1-2: Ball
2-2: Strikes out swinging
Batting: RHB Dale Young 0-0: Ball
1-0: Called Strike
1-1: Ball
2-1: Foul Ball, location: 2F
2-2: Ball
3-2: Foul Ball, location: 2F
3-2: Foul Ball, location: 2F
3-2: Foul Ball, location: 2F
3-2: Foul Ball, location: 2F
3-2: Base on Balls
Batting: RHB Paul Healy 0-0: Swinging Strike
0-1: Ball
1-1: Ball
2-1: Grounds into double play, 5-4-3 (Groundball, 5L, EV 80.0 MPH)
Top of the 3rd over - 0 runs, 0 hits, 0 errors, 0 left on base; Hillsboro 0 - Milwaukee (NYP) 1
BOTTOM OF THE 3RD
Milwaukee (NYP) Brewers batting - Pitching for Hillsboro Hops : RHP Joe Mulholland
Batting: RHB Tristan Smeets 0-0: Called Strike
0-1: Ball
1-1: Ball
2-1: Foul Ball, location: 2F
2-2: Ball
3-2: Base on Balls
Batting: LHB Mark Backstrom 0-0: Ball
1-0: Ball
Tristan Smeets steals 2nd base
2-0: Ground out 4-3 (Groundball, 4, EV 81.2 MPH)
Tristan Smeets to third
Batting: LHB Tyler Francis 0-0: Ball
1-0: Foul Ball, location: 2F
1-1: SINGLE (Line Drive, 89S, EV 106.9 MPH)
Tristan Smeets scores
Batting: RHB Jonathan Sarles 0-0: Called Strike
0-1: Ball
1-1: Fly out, F8 (Flyball, 89D, EV 86.2 MPH)
Batting: RHB Lorenzo Diaz 0-0: Called Strike
0-1: Ball
1-1: Called Strike
1-2: Ball
2-2: Foul Ball, location: 2F
2-2: Strikes out swinging
Bottom of the 3rd over - 1 run, 1 hit, 0 errors, 1 left on base; Hillsboro 0 - Milwaukee (NYP) 2
TOP OF THE 4TH
Hillsboro Hops batting - Pitching for Milwaukee (NYP) Brewers : RHP Jayden Whittick
Batting: RHB Nikita Schram 0-0: Ball
1-0: Ground out 1-3 (Groundball, 13S, EV 76.2 MPH)
Batting: LHB Tomohiro Yokoyama 0-0: Ball
1-0: Called Strike
1-1: Hit by Pitch
Batting: RHB T.J. Jordan 0-0: Called Strike
0-1: Ball
1-1: Ball
2-1: Ball
3-1: Hit by Pitch
Tomohiro Yokoyama to second
Batting: RHB Mike Dodson 0-0: Ball
1-0: Swinging Strike
1-1: Ball
2-1: Ball
3-1: Base on Balls
Tomohiro Yokoyama to third
T.J. Jordan to second
Batting: LHB Ron Mills 0-0: SINGLE (Groundball, 56D, EV 98.1 MPH)
Tomohiro Yokoyama scores
T.J. Jordan to third
Mike Dodson to second
Runner from 3rd tries for Home, SAFE, throw by LF to home
Batting: RHB Devon Fourcade 0-0: Fielders Choice at 2nd, 1-6 (Groundball, 13, EV 63.1 MPH)
Mike Dodson to third
Batting: RHB Ryuki Ogasawara 0-0: Fly out, F9 (Flyball, 9D, EV 98.1 MPH)
Top of the 4th over - 2 runs, 1 hit, 0 errors, 2 left on base; Hillsboro 2 - Milwaukee (NYP) 2
BOTTOM OF THE 4TH
Milwaukee (NYP) Brewers batting - Pitching for Hillsboro Hops : RHP Joe Mulholland
Batting: RHB Michael Dickerson 0-0: Ground out 6-3 (Groundball, 6, EV 98.8 MPH)
Batting: RHB Justin Marino 0-0: Called Strike
0-1: Swinging Strike
0-2: Foul Ball, location: 2F
0-2: Ball
1-2: Strikes out swinging
Batting: RHB Chris Maul 0-0: Foul Ball, location: 2F
0-1: Foul Ball, location: 2F
0-2: Ball
1-2: Ball
2-2: Strikes out swinging
Bottom of the 4th over - 0 runs, 0 hits, 0 errors, 0 left on base; Hillsboro 2 - Milwaukee (NYP) 2
TOP OF THE 5TH
Hillsboro Hops batting - Pitching for Milwaukee (NYP) Brewers : RHP Jayden Whittick
Batting: RHB Dale Young 0-0: Ball
1-0: Ball
2-0: Ball
3-0: Called Strike
3-1: Ground out 5-3 (Groundball, 25, EV 83.8 MPH)
Pitching: LHP Tim Phillips
Batting: RHB Paul Healy 0-0: Ball
1-0: Called Strike
1-1: Foul Ball, location: 2F
1-2: Foul Ball, location: 2F
1-2: Strikes out looking
Batting: RHB Nikita Schram 0-0: Ball
1-0: Ball
2-0: Called Strike
2-1: Swinging Strike
2-2: SINGLE (Groundball, 56D, EV 110.0 MPH)
Batting: LHB Tomohiro Yokoyama 0-0: Ball
1-0: Ball
Wild Pitch!
Nikita Schram to second
2-0: Swinging Strike
2-1: Ball
3-1: Foul Ball, location: 2F
3-2: Strikes out swinging
Top of the 5th over - 0 runs, 1 hit, 0 errors, 1 left on base; Hillsboro 2 - Milwaukee (NYP) 2
BOTTOM OF THE 5TH
Milwaukee (NYP) Brewers batting - Pitching for Hillsboro Hops : RHP Joe Mulholland
Batting: LHB Dusty Bryant 0-0: DOUBLE (Groundball, 3L, EV 103.8 MPH)
Batting: RHB Tristan Smeets 0-0: Ball
Dusty Bryant is caught stealing 3rd base 2-5
1-0: Ball
2-0: DOUBLE (Line Drive, 9LM, EV 106.9 MPH)
Batting: LHB Mark Backstrom 0-0: Ball
1-0: Swinging Strike
1-1: Ball
2-1: Ball
Tristan Smeets is caught stealing 3rd base 2-5
3-1: Foul Ball, location: 2F
3-2: Strikes out swinging
Bottom of the 5th over - 0 runs, 2 hits, 0 errors, 0 left on base; Hillsboro 2 - Milwaukee (NYP) 2
TOP OF THE 6TH
Hillsboro Hops batting - Pitching for Milwaukee (NYP) Brewers : LHP Tim Phillips
Batting: RHB T.J. Jordan 0-0: Ball
1-0: Called Strike
1-1: Ground out 5-3 (Groundball, 56S, EV 68.8 MPH)
Batting: RHB Mike Dodson 0-0: Ball
1-0: Reached on error, E9 (Flyball, 89XD, EV 103.8 MPH)
Batting: LHB Ron Mills 0-0: DOUBLE (Line Drive, 89D, EV 102.5 MPH)
Mike Dodson to third
Runner from 3rd tries for Home, throw by RF and OUT! 9-4-2
Batting: RHB Devon Fourcade 0-0: Called Strike
0-1: Swinging Strike
0-2: Ball
1-2: Ball
2-2: Ball
3-2: Strikes out swinging
Top of the 6th over - 0 runs, 1 hit, 1 error, 1 left on base; Hillsboro 2 - Milwaukee (NYP) 2
BOTTOM OF THE 6TH
Milwaukee (NYP) Brewers batting - Pitching for Hillsboro Hops : RHP Joe Mulholland
Batting: LHB Tyler Francis 0-0: Called Strike
0-1: Ball
1-1: Foul Ball, location: 2F
1-2: Ball
2-2: Strikes out swinging
Batting: RHB Jonathan Sarles 0-0: Foul Ball, location: 2F
0-1: Ball
1-1: Ball
2-1: SINGLE (Line Drive, 6MD, EV 103.1 MPH)
Pitching: LHP Sam Davis
Batting: RHB Lorenzo Diaz 0-0: Called Strike
0-1: Foul Ball, location: 2F
0-2: Ball
1-2: Strikes out swinging
Batting: RHB Michael Dickerson 0-0: Ball
1-0: Called Strike
1-1: Called Strike
1-2: Fly out, F8 (Line Drive, 8LD, EV 91.9 MPH)
Bottom of the 6th over - 0 runs, 1 hit, 0 errors, 1 left on base; Hillsboro 2 - Milwaukee (NYP) 2
TOP OF THE 7TH
Hillsboro Hops batting - Pitching for Milwaukee (NYP) Brewers : LHP Tim Phillips
Batting: RHB Ryuki Ogasawara 0-0: Called Strike
0-1: Ball
1-1: Ball
2-1: Fly out, F8 (Flyball, 78M, EV 88.8 MPH)
Batting: RHB Dale Young 0-0: Ball
1-0: Ball
2-0: Ball
3-0: Called Strike
3-1: SINGLE (Flyball, 56D, EV 88.8 MPH)
Pitching: RHP Ryan Powers
Batting: RHB Paul Healy 0-0: Ball
1-0: Called Strike
1-1: Foul Ball, location: 2F
1-2: Fielders Choice at 2nd, 6-4 (Groundball, 6, EV 95.6 MPH)
Batting: RHB Nikita Schram 0-0: Ball
1-0: Ball
2-0: Ball
3-0: Base on Balls
Paul Healy to second
Pitching: RHP Dustin Pryor
Batting: LHB Tomohiro Yokoyama 0-0: Ball
1-0: Ball
2-0: Fly out, F9 (Flyball, 9D, EV 108.1 MPH)
Top of the 7th over - 0 runs, 1 hit, 0 errors, 2 left on base; Hillsboro 2 - Milwaukee (NYP) 2
BOTTOM OF THE 7TH
Milwaukee (NYP) Brewers batting - Pitching for Hillsboro Hops : LHP Sam Davis
Batting: RHB Justin Marino 0-0: Called Strike
0-1: Ball
1-1: Ground out 6-3 (Groundball, 6S, EV 82.5 MPH)
Batting: RHB Chris Maul 0-0: Called Strike
0-1: Foul Ball, location: 2F
0-2: Ground out 5-3 (Groundball, 56, EV 107.5 MPH)
Pinch Hitting: RHB Alfredo Sena 0-0: Ball
1-0: Ball
2-0: Ground out 4-3 (Groundball, 4, EV 105.6 MPH)
Bottom of the 7th over - 0 runs, 0 hits, 0 errors, 0 left on base; Hillsboro 2 - Milwaukee (NYP) 2
TOP OF THE 8TH
Hillsboro Hops batting - Pitching for Milwaukee (NYP) Brewers : RHP Dustin Pryor
Now in CF: Alfredo Sena
Now in RF: Mark Backstrom
Batting: RHB T.J. Jordan 0-0: DOUBLE (Line Drive, 7LS, EV 100.0 MPH)
Pinch Hitting: LHB Josh Thomas 0-0: Ball
1-0: SINGLE (Groundball, 4D, EV 108.8 MPH)
T.J. Jordan to third
Batting: LHB Ron Mills 0-0: Hit by Pitch
Josh Thomas to second
Batting: RHB Devon Fourcade 0-0: Ball
1-0: Ball
2-0: Ball
3-0: SINGLE (Line Drive, 4, EV 98.1 MPH)
T.J. Jordan scores
Josh Thomas to third
Ron Mills to second
Runner from 3rd tries for Home, SAFE, throw by CF to home
Batting: RHB Ryuki Ogasawara 0-0: Bunted foul
0-1: Bunt missed!
0-2: Ball
1-2: Ball
2-2: Ball
3-2: Base on Balls
Ron Mills to third
Devon Fourcade to second
Batting: RHB Dale Young 0-0: SINGLE (Groundball, 34D, EV 103.8 MPH)
Ron Mills scores
Devon Fourcade to third
Ryuki Ogasawara to second
Batting: RHB Paul Healy 0-0: Ball
1-0: Foul Ball, location: 2F
1-1: Ball
2-1: SINGLE (Groundball, 34D, EV 95.6 MPH)
Devon Fourcade scores
Ryuki Ogasawara to third
Dale Young to second
Runner from 3rd tries for Home, SAFE, throw by RF to home
Pitching: RHP Allen Gans
Batting: RHB Nikita Schram 0-0: Ball
Wild Pitch!
Dale Young to third
Paul Healy to second
1-0: 3-RUN HOME RUN (Flyball, 78XD, EV 98.1 MPH), Distance : 408 ft
Pinch Hitting: LHB Erik Beezley 0-0: Called Strike
0-1: Ball
1-1: Ball
2-1: Called Strike
2-2: Foul Ball, location: 2F
2-2: Ball
3-2: Fly out, F9 (Line Drive, 9LM, EV 97.5 MPH)
DELAY Rain delay of 29 minutes in the 8th inning.
Batting: RHB T.J. Jordan 0-0: Fly out, F4 (Popup, 34, EV 70.6 MPH)
Batting: LHB Josh Thomas 0-0: Foul Ball, location: 2F
0-1: Ball
1-1: Swinging Strike
1-2: Strikes out looking
Top of the 8th over - 8 runs, 6 hits, 0 errors, 0 left on base; Hillsboro 10 - Milwaukee (NYP) 2
BOTTOM OF THE 8TH
Milwaukee (NYP) Brewers batting - Pitching for Hillsboro Hops : LHP Sam Davis
Now at SS: Josh Kirk
Now in CF: Erik Beezley
Batting: RHB Tristan Smeets 0-0: Swinging Strike
0-1: Swinging Strike
0-2: Strikes out looking
Batting: LHB Mark Backstrom 0-0: Ball
1-0: Ground out 3-1 (Groundball, 34, EV 85.0 MPH)
Batting: LHB Tyler Francis 0-0: Ball
1-0: Called Strike
1-1: Foul Ball, location: 2F
1-2: Ball
2-2: Foul Ball, location: 2F
2-2: Ball
3-2: Ground out U3 (Groundball, 3, EV 89.4 MPH)
Bottom of the 8th over - 0 runs, 0 hits, 0 errors, 0 left on base; Hillsboro 10 - Milwaukee (NYP) 2
TOP OF THE 9TH
Hillsboro Hops batting - Pitching for Milwaukee (NYP) Brewers : RHP Allen Gans
Pitching: RHP Alejandro Souto
Pinch Hitting: SHB Conor Davies 0-0: Foul Ball, location: 2F
0-1: Foul Ball, location: 2F
0-2: Foul Ball, location: 2F
0-2: Ball
1-2: Foul Ball, location: 2F
1-2: Strikes out looking
Pinch Hitting: RHB Orlando Florez 0-0: Swinging Strike
0-1: Foul Ball, location: 2F
0-2: Fly out, F9 (Flyball, 89M, EV 86.2 MPH)
Pinch Hitting: RHB Brandon Joshua 0-0: Ball
1-0: Swinging Strike
1-1: Foul Ball, location: 2F
1-2: Foul Ball, location: 2F
1-2: Foul Ball, location: 2F
1-2: Strikes out swinging
Top of the 9th over - 0 runs, 0 hits, 0 errors, 0 left on base; Hillsboro 10 - Milwaukee (NYP) 2
BOTTOM OF THE 9TH
Milwaukee (NYP) Brewers batting - Pitching for Hillsboro Hops : LHP Sam Davis
Now at 2B: Orlando Florez
Now at 3B: Brandon Joshua
Now in RF: Conor Davies
Batting: RHB Jonathan Sarles 0-0: Ball
1-0: Ball
2-0: Ball
3-0: Called Strike
3-1: Called Strike
3-2: Strikes out swinging
Pitching: RHP Nick Garland
Batting: RHB Lorenzo Diaz 0-0: Fly out, F9 (Line Drive, 9, EV 94.4 MPH)
Batting: RHB Michael Dickerson 0-0: Ball
1-0: Called Strike
1-1: DOUBLE (Line Drive, 78XD, EV 103.8 MPH)
Batting: RHB Justin Marino 0-0: Called Strike
0-1: Ball
1-1: Ball
2-1: Fly out, F8 (Flyball, 78D, EV 91.9 MPH)
Bottom of the 9th over - 0 runs, 1 hit, 0 errors, 1 left on base; Hillsboro 10 - Milwaukee (NYP) 2
Sunday, July 16th , 2023 - OOTP Baseball 24.6 Build 69